 Dungeon Crawl Stone Soup version 0.30-a0-279-g4b46babb21 (webtiles) character file.

Game seed: 3754535212340136806

137 Sobieck the Digger (level 5, -2/38 HPs)
             Began as a Ghoul Earth Elementalist on Oct 16, 2022.
             Slain by Sigmund
             ... wielding a +0 scythe
              (8 damage)
             ... on level 4 of the Dungeon.
             The game lasted 00:04:34 (2920 turns).

Sobieck the Digger (Ghoul Earth Elementalist)       Turns: 2920, Time: 00:04:35

Health: -2/38      AC:  4    Str: 12      XL:     5   Next: 20%
Magic:  3/6        EV: 11    Int: 12      God:
Gold:   210        SH:  0    Dex:  7 (9)  Spells: 6/7 levels left

rFire   + . .      SeeInvis .    k - +2 dagger (protect) {short}
rCold   + . .      Faith    .    (no shield)
rNeg    + + +      Spirit   .    a - +0 robe
rPois   ∞          Reflect  .    (no helmet)
rElec   .          Harm     .    (no cloak)
rCorr   .          Rampage  .    (no gloves)
Will    .....                    r - +1 pair of boots
Stlth   +.........               (no amulet)
HPRegen 0.00/turn                m - ring of protection from fire
MPRegen 0.10/turn                u - ring of flight

@: confused, mighty, attractive, flying, inhibited regen
A: claws 1, cold resistance 1, negative energy resistance 3, inhibited
regeneration, torment resistance 2, devour on kill
a: no special abilities


You were on level 4 of the Dungeon.
You visited 1 branch of the dungeon, and saw 4 of its levels.

You collected 210 gold pieces.


Innate Abilities, Weirdness & Mutations

You are immune to poison.
You have sharp fingernails.
Your flesh is cold resistant. (rC+)
You are immune to negative energy. (rN+++)
You do not regenerate when monsters are visible.
You are immune to unholy pain and torment.
You thrive by killing the living.


   Skills:
 - Level 1.7 Dodging
 - Level 2.1 Stealth
 - Level 1.7 Spellcasting
 - Level 0.8 Transmutations
 + Level 6.3 Earth Magic


You had 6 spell levels left.
You knew the following spells:

 Your Spells              Type           Power      Damage    Failure   Level
a - Sandblast             Erth           32%        2d9       1%          1

Your spell library contained the following spells:

 Spells                   Type           Power      Damage    Failure   Level
 Passwall                 Tmut/Erth      7%         N/A       10%         2
 Stone Arrow              Conj/Erth      16%        3d8       22%         3
 Apportation              Tloc           2%         N/A       28%         1
 Necrotise                Necr           4%         1d4       28%         1
 Summon Small Mammal      Summ           4%         N/A       28%         1
 Petrify                  Tmut/Erth      9%         N/A       54%         4
 Call Canine Familiar     Summ           1%         N/A       63%         3
 Summon Guardian Golem    Hex/Summ       1%         N/A       63%         3

Inventory:

Hand Weapons
 c - a +0 dagger {short}
   (You took it off a goblin on level 1 of the Dungeon)
 h - a +0 whip {mace}
   (You found it on level 1 of the Dungeon)
 i - a +0 dagger {short}
   (You took it off a kobold on level 1 of the Dungeon)
 k - a +2 dagger of protection (weapon) {short}
   (You took it off a goblin on level 1 of the Dungeon)
Missiles
 e - 49 stones {throwing}
 z - 2 poisoned darts (quivered) {throwing}
Armour
 a - a +0 robe (worn)
 d - a +0 leather armour
   (You found it on level 1 of the Dungeon)
 g - a +1 leather armour of positive energy
   (You found it on level 1 of the Dungeon)
 r - a +1 pair of boots (worn)
   (You found it on level 2 of the Dungeon)
 t - a +0 robe
   (You found it on level 2 of the Dungeon)
 w - a +0 robe
   (You found it on level 2 of the Dungeon)
 D - a +0 leather armour
   (You found it on level 3 of the Dungeon)
 E - a +0 leather armour
   (You took it off a kobold on level 3 of the Dungeon)
 G - a +0 chain mail
   (You found it on level 4 of the Dungeon)
 H - a +0 plate armour
   (You found it on level 4 of the Dungeon)
Jewellery
 m - a ring of protection from fire (left claw)
   (You found it on level 1 of the Dungeon)
 u - a ring of flight (right claw)
   (You found it on level 2 of the Dungeon)
Scrolls
 o - 2 scrolls of teleportation {unknown}
 q - 2 scrolls of immolation {unknown}
 s - 2 scrolls of summoning {unknown}
 v - 3 scrolls of amnesia {unknown}
 y - a scroll of identify {unknown}
 A - a scroll of enchant weapon {unknown}
 B - a scroll of blinking {unknown}
Potions
 b - a potion of magic
 f - a potion of berserk rage {!q}
 j - a potion of attraction {!q}
 l - a potion of invisibility {unknown}
 n - 2 potions of ambrosia {unknown}
 p - 2 potions of curing {@q1}
 C - a potion of might
 F - a potion of flight {unknown}

Dungeon Overview and Level Annotations

Branches:
Dungeon (4/15) Zot: 21044
 Temple: D:4-7

Altars:
Sif Muna
Uskayaw

Annotations:
D:4 Sigmund

#..... #...(............##
.....##.......#.........#
....#.......#.......##..
#......†..###.....#####
#...#......##........##
#...#.......†..........
.##......................
........{.................
....####.@................
#.. #..................
########....##........#...
#..........###......##...
#....>..#.## #......# ...
#..........####...... .#.
#...........###.....
##....##..........
####..#..##......


There were no monsters in sight!


Message History

You closely miss the giant cockroach.
The giant cockroach bites you but does no damage.
You hit the giant cockroach.
Your weapon exudes an aura of protection.
You kill the giant cockroach!
j - 2 fizzy clear potions (gained 1)
z - a poisoned dart {throwing}
z - 2 poisoned darts {throwing} (gained 1)
You now have 201 gold pieces (gained 24).
You now have 210 gold pieces (gained 9).
z - 4 poisoned darts {throwing} (gained 2)
You see here a dart slug corpse.
Sigmund the Dreaded comes into view.
He is wielding a +0 scythe.
Danger!
Press: ? - help, v - describe, . - travel
Here: Sigmund, wielding a +0 scythe and wearing a +0 robe (asleep)
The floor.
Placed new exclusion.
Sigmund shouts!
Unknown command.
You throw a poisoned dart {throwing}.
The poisoned dart {throwing} closely misses Sigmund.
Sigmund casts a spell at you.
You are confused.
You throw a poisoned dart {throwing}.
An ufetubus comes into view.
Sigmund casts a spell at you. The magic dart hits you.
It was a potion of berserk rage.
You feel slightly irritated.
The ufetubus shouts!
Sigmund points at you and mumbles some strange words.
The magic dart hits you.
Unknown command.
Unknown command.
It was a potion of attraction.
You feel attractive to monsters. The ufetubus is attracted toward you.
Sigmund is attracted toward you.
Unknown command.
Unknown command.
Unknown command.
It was a potion of curing.
You feel better.
Sigmund hits you from afar with a +0 scythe.
The ufetubus closely misses you. The ufetubus hits you.
Unknown command.
Unknown command.
The ufetubus attacks as you move away!
The ufetubus hits you but does no damage.
The ufetubus hits you. x2
The ufetubus hits you but does no damage.
Unknown command.
Unknown command.
Casting: Sandblast (safe; 2% risk of failure)
Confirm with . or Enter, or press ? or * to list all spells.
Aiming: Sandblast (safe; 2% risk of failure)
Press: ? - help, Shift-Dir - straight line, f/p - Sigmund
Aim: Sigmund, wielding a +0 scythe and wearing a +0 robe (80% to hit)
The blast of sand hits Sigmund!
The ufetubus closely misses you.
The ufetubus hits you but does no damage.
Sigmund mumbles some strange words.
Sigmund flickers and vanishes!
Deactivating autopickup; reactivate with Ctrl-A.
The ufetubus barely misses you. The ufetubus hits you.
Casting: Sandblast (safe; 2% risk of failure)
Confirm with . or Enter, or press ? or * to list all spells.
Aiming: Sandblast (safe; 2% risk of failure)
Press: ? - help, Shift-Dir - straight line, f - ufetubus
Aim: an ufetubus (70% to hit)
The blast of sand hits the ufetubus!
You kill the ufetubus!
Something hits you!
* * * LOW HITPOINT WARNING * * *
Something is attracted toward you.
Casting: Sandblast (safe; 1% risk of failure)
Confirm with . or Enter, or press ? or * to list all spells.
Aiming: Sandblast (safe; 1% risk of failure)
Press: ? - help, Shift-Dir - straight line The blast of sand hits something!
You hear some strange, mumbled words.
You are confused.
You hear some strange, mumbled words.
A magic dart appears from out of thin air!
The magic dart hits you.
* * * LOW HITPOINT WARNING * * *
Unknown command.
It was a potion of mutation.
You feel extremely strange.
Your body decomposes!
You feel clumsy.
Your body decomposes!
You feel clumsy. Something hits you.
* * * LOW HITPOINT WARNING * * *
Unknown command.
It was a potion of might.
You feel very mighty all of a sudden.
Unknown command.
Unknown command.
You completely miss something. Something hits you.
* * * LOW HITPOINT WARNING * * *
Something hits you!
You die...

Skill      XL: |  1  2  3  4 |
---------------+-------------+-----
Earth Magic    | 4 5 6 |  6.3
Dodging        | |  1.7
Stealth        | |  2.1
Spellcasting   | |  1.7
Transmutations | |  0.8

Action                   |  1- 3 |  4- 6 || total
-------------------------+-------+-------++-------
Melee: Unarmed           |     4 |       ||     4
       Dagger            |     1 |    25 ||    26
       Punch             |       |     2 ||     2
Throw: Stone             |     5 |     6 ||    11
       Dart              |       |    28 ||    28
 Cast: Sandblast         |    63 |     9 ||    72
  Use: Potion            |       |     5 ||     5
Armor: Robe              |     5 |     8 ||    13
Dodge: Dodged            |    16 |    22 ||    38

Levels and vault maps discovered:
D:1:      dpeg_arrival_radiant, layout_loops_ring
D:2:      layout_loops_ring, basic_altar
D:3:      layout_loops_cross, mainiacjoe_overflow_surrounded_room,
          mainiacjoe_overflow_alcove_2, zin_angel
D:4:      layout_cave_pools, uniq_sigmund

Notes
Turn   | Place    | Note
-------+----------+-------------------------------------------
     0 | D:1      | Sobieck the Ghoul Earth Elementalist began the quest for
                  | the Orb.
     0 | D:1      | Reached XP level 1. HP: 14/14 MP: 2/2
   240 | D:1      | Reached XP level 2. HP: 20/20 MP: 0/3
   281 | D:1      | Reached skill level 4 in Earth Magic
   791 | D:1      | Reached XP level 3. HP: 26/26 MP: 0/4
  1256 | D:2      | You pick up a book of Callings and begin reading...
  1256 | D:2      | You add the spells Summon Small Mammal, Call Canine
                  | Familiar and Summon Guardian Golem to your library.
  1425 | D:2      | Found a shimmering blue altar of Sif Muna.
  1478 | D:2      | Reached skill level 5 in Earth Magic
  1935 | D:3      | You pick up a book of Cantrips and begin reading...
  1935 | D:3      | You add the spells Necrotise and Apportation to your
                  | library.
  1984 | D:3      | Found a shimmering blue altar of Sif Muna.
  2034 | D:3      | Reached XP level 4. HP: 33/33 MP: 1/5
  2196 | D:3      | Reached skill level 6 in Earth Magic
  2541 | D:3      | Found a hide-covered altar of Uskayaw.
  2590 | D:3      | Reached XP level 5. HP: 38/38 MP: 6/6
  2662 | D:3      | Noticed an angel
  2906 | D:4      | Noticed Sigmund
  2917 | D:4      | HP: 9/38 [something (5)]
  2920 | D:4      | Slain by Sigmund

Vanquished Creatures
  A howler monkey (D:3)
  3 adders
  An ufetubus (D:4)
  7 dart slugs
  7 endoplasms
  4 giant cockroaches
  5 goblins
  2 hobgoblins
  8 kobolds
  3 quokkas
  3 ball pythons
  3 bats (D:2)
  3 frilled lizards
  4 rats
54 creatures vanquished.

Table legend:
 A = Non-vault XP
 B = Vault XP
 C = Vault XP percentage of total XP
 D = Non-vault monster count
 E = Vault monster count
 F = Vault count percentage of total count
                 A         B        C        D         E       F
            +---------+---------+-------+---------+---------+-------
      Total |     197 |       0 |   0.0 |      54 |       0 |   0.0
            +---------+---------+-------+---------+---------+-------
        D:1 |      34 |       0 |   0.0 |      17 |       0 |   0.0
        D:2 |      42 |       0 |   0.0 |      19 |       0 |   0.0
        D:3 |      90 |       0 |   0.0 |      12 |       0 |   0.0
        D:4 |      31 |       0 |   0.0 |       6 |       0 |   0.0
            +---------+---------+-------+---------+---------+-------

Illustrated notes

Table legend:
 A = Kills in this place as a percentage of kills in entire the game.
 B = Kills by you in this place as a percentage of kills by you in the entire game.
 C = Kills by friends in this place as a percentage of kills by friends in the entire game.
 D = Other kills in this place as a percentage of other kills in the entire game.
 E = Experience gained in this place as a percentage of experience gained in the entire game.
 F = Experience gained in this place divided by the number of levels of this place that you have seen.
                   A       B       C       D       E      F
               +-------+-------+-------+-------+-------+----------------------
         Total | 100.0 | 100.0 |   N/A |   N/A | 100.0 |  49.2
       Dungeon | 100.0 | 100.0 |   N/A |   N/A | 100.0 |  49.2
               +-------+-------+-------+-------+-------+----------------------

Table legend: (Time is in decaauts)
 A = Elapsed time spent in this place.
 B = Non-inter-level travel time spent in this place.
 C = Inter-level travel time spent in this place.
 D = Time resting spent in this place.
 E = Time spent auto-exploring this place.
 F = Levels seen in this place.
 G = Mean time per level.
                   A        B        C        D        E       F      G
               +--------+--------+--------+--------+--------+-----+--------+
         Total |   2954 |   2880 |     74 |    145 |   2331 |   4 |  738.5 |
       Dungeon |   2954 |   2880 |     74 |    145 |   2331 |   4 |  738.5 |
               +--------+--------+--------+--------+--------+-----+--------+

Top non-repeatable levels by time:
     D:1: 1047 daAuts
     D:2: 876 daAuts
     D:3: 832 daAuts
     D:4: 199 daAuts
